 Dungeon Crawl Stone Soup version 0.18.1-47-g9310371 (console) character file.

47046 Kloppie the Phalangite (level 14, -4/119 HPs)
             Began as a Merfolk Berserker on June 14, 2016.
             Was a High Priest of Trog.
             Slain by a spiny frog (7 damage)
             ... on level 7 of the Lair of Beasts.
             The game lasted 00:37:51 (18604 turns).

Kloppie the Phalangite (Merfolk Berserker)         Turns: 18604, Time: 00:37:52

Health: -4/119     AC: 11    Str: 19    XL:     14   Next: 40%
Magic:  14/14      EV:  2    Int:  6    God:    Trog [*****.]
Gold:   1204       SH:  0    Dex: 17    Spells: 0 memorised, 13 levels left

rFire  . . .     SeeInvis +     a - +10 glaive "Kachuma" {chop, rElec rC+}
rCold  + . .     Gourm    .     k - +1 leather armour of the Loofah {rElec rPois}
rNeg   + + +     Faith    .     (shield currently unavailable)
rPois  ∞         Spirit   .     v - +1 helmet
rElec  +         Dismiss  .     I - +0 cloak {+Inv}
rCorr  .         Reflect  .     Z - +2 pair of gloves
SustAt .         Harm     .     M - +0 pair of boots
MR     +....                    (no amulet)
Stlth  +.........               L - +6 ring of evasion (curse)
                                l - ring of see invisible

@: petrified, somewhat resistant to hostile enchantments, very unstealthy
A: change form in water, swift swim
a: Berserk, Trog's Hand, Brothers in Arms, Burn Spellbooks, Renounce Religion,
Evoke Invisibility


You were on level 7 of the Lair of Beasts.
You worshipped Trog.
Trog was extremely pleased with you.
You were not hungry.

You visited 2 branches of the dungeon, and saw 16 of its levels.
You also visited: Labyrinth, Sewer and Ice Cave.

You collected 1249 gold pieces.
You spent 45 gold pieces at shops.

Inventory:

Hand Weapons
 a - the +10 glaive "Kachuma" (weapon) {chop, rElec rC+}
   (Trog gifted it to you on level 7 of the Lair of Beasts)

   It inflicts extra damage upon your enemies.
   It protects you from cold.
   It insulates you from electricity.
 b - a +1 trident
 N - a +0 glaive
 Y - a +3 glaive of protection
Missiles
 K - a throwing net (quivered)
Armour
 k - the +1 leather armour of the Loofah (worn) {rElec rPois}
   (You found it on level 9 of the Dungeon)

   It insulates you from electricity.
   It protects you from poison.
 v - a +1 helmet (worn)
 E - the +0 cloak of Ladders and Snakes {rElec rN+}
   (You found it on level 7 of the Dungeon)

   It insulates you from electricity.
   It protects you from negative energy.
 I - a +0 cloak of invisibility (worn)
 M - a +0 pair of boots (worn)
 T - a +1 cloak of cold resistance
 Z - a +2 pair of gloves (worn)
Rods
 x - a +2 rod of inaccuracy (9/9)
   (You found it on level 6 of the Dungeon)
Jewellery
 l - a ring of see invisible (left hand)
 A - an uncursed ring of poison resistance
 L - a cursed +6 ring of evasion (right hand)
Wands
 U - a wand of heal wounds (5/9)
 V - a wand of lightning (6/15)
 W - a wand of iceblast (9/15)
Scrolls
 i - 2 scrolls of recharging
 n - 3 scrolls of enchant armour
 o - 12 scrolls of teleportation
 r - a scroll of magic mapping
 u - 8 scrolls of remove curse
 y - a scroll of fear
 z - 2 scrolls of blinking
 D - a scroll of fog
 J - 2 scrolls of enchant weapon
Potions
 d - 13 potions of curing
 f - a potion of cure mutation
 h - a potion of cancellation
 j - 6 potions of flight
 m - 7 potions of heal wounds
 p - 2 potions of berserk rage {unknown}
 q - 4 potions of might {unknown}
 t - 8 potions of magic {unknown}
 B - 2 potions of brilliance {unknown}
 C - 3 potions of agility
 F - a potion of ambrosia
 G - a potion of haste
 H - 2 potions of invisibility
 P - a potion of resistance
 Q - a potion of beneficial mutation
Comestibles
 c - 10 bread rations
 g - 6 slices of pizza
 s - 2 meat rations
 O - a beef jerky


   Skills:
 + Level 13.7 Fighting
 - Level 22.2 Polearms
 - Level 1.3 Armour
 + Level 15.5 Dodging


You had 13 spell levels left.
You didn't know any spells.

Dungeon Overview and Level Annotations

Branches:
Dungeon (9/15)             Temple (0/1) D:7            Lair (7/8) D:9
 Shoals (0/4) Lair:4        Snake (0/4) Lair:3        Slime (0/6) Lair:7
    Orc (0/2) D:9

Altars:
Ashenzari
Cheibriados
Elyvilon
Fedhas
Nemelex Xobeh
Pakellas
Qazlal
Ru
Sif Muna
Trog
Vehumet
Yredelemnul
Zin

Shops:
D:6 =   D:9 *

Annotations:
Lair:4 exclusion: 4 oklob plants


Message History

* * * LOW HITPOINT WARNING * * *
The manticore claws you.
* * * LOW HITPOINT WARNING * * *
The elephant tramples you!
* * * LOW HITPOINT WARNING * * *
You hold your ground!
The elephant trunk-slaps you. The basilisk bites you.
* * * LOW HITPOINT WARNING * * *
The porcupine bites you but does no damage.
The spiny frog stings you but does no damage.
The manticore bites you!!
* * * LOW HITPOINT WARNING * * *
The manticore claws you but does no damage.
The manticore barely misses you. The porcupine bites you!
* * * LOW HITPOINT WARNING * * *
The elephant tramples you!
* * * LOW HITPOINT WARNING * * *
You hold your ground!
The elephant trunk-slaps you.
* * * LOW HITPOINT WARNING * * *
The basilisk barely misses you. The spiny frog stings you!
You die...

# **,,,,,,,,,,,,*,,,*** **#PP..
###**,,,,,...........## ##....
..#*,*,,,,,...........###*##.....
.####,,,***#.....#....P#.##......
....#*,****#.....................
....#,,,,,,#.....................
..P##,,,,,,#..#..................
..P#*,,,,,,#...YFH...........P...
...##,,,,,,#.P#.@rk...#.......%..
PP#.########..#..l##P###...#.#P..
.....P.......#....P#** #.#.......
............>##...## ###..#.#..
............**##.## #..#####
..........#,,* #..## #....###
#........##***##.#.# ###.##....
#...P#...# #...### #...#....#
...†>÷...#### ##..#.# ###........


You could see an elephant, a manticore, a spiny frog, a basilisk, a rime drake
and a porcupine.

Vanquished Creatures
  A frost giant (IceCv)
  A minotaur (Lab)
  3 hydras
  A death yak (Lair:4)
  The ghost of tscho the Nimble, a novice MfTm (D:5)
  Joseph (D:7)
  5 black mambas
  10 elephants
  3 torpor snails (Lair:3)
  An ice statue (IceCv)
  Psyche (D:8)
  11 spiny frogs
  6 komodo dragons
  2 rime drakes (Lair:5)
  16 polar bears
  Prince Ribbit (D:9)
  13 blink frogs
  Sigmund (D:3)
  2 wyverns (Lair:7)
  58 yaks
  5 basilisks
  11 hippogriffs
  A steam dragon (D:9)
  Menkaure (D:5)
  A hell hound (Lair:7)
  15 water moccasins
  7 porcupines
  3 sky beasts
  An ice beast (D:7)
  6 orc warriors (D:9)
  2 black bears
  A necrophage (D:7)
  2 phantoms (D:7)
  2 ogres
  6 centaurs
  23 wolves
  15 crocodiles
  4 big kobolds
  10 giant frogs
  2 scorpions
  5 killer bees (D:7)
  A howler monkey (D:6)
  A crimson imp (D:9)
  2 centaur zombies
  A hound (D:8)
  15 jellies
  3 orc priests
  6 orc wizards
  5 iguanas
  4 worker ants
  13 sheep
  3 hound skeletons
  Robin (D:3)
  A worker ant zombie (D:5)
  11 adders
  31 river rats
  4 oozes
  2 adder skeletons
  7 worms
  2 dart slugs
  2 giant geckos
  29 orcs
  11 bats
  8 giant cockroaches
  16 goblins
  13 hobgoblins
  17 jackals
  6 quokkas
  7 ball pythons
  5 giant newts
  26 kobolds
  30 rats
  A plant (D:9)
545 creatures vanquished.

Vanquished Creatures (collateral kills)
  A hydra (Lair:2)
  The ghost of tscho the Martial Artist, a journeyman MfTm of Nemelex Xobeh (D:9)
  4 death yaks (Lair:4)
  A water moccasin (Lair:7)
  3 centaurs (Lair:4)
  A giant frog (Lair:7)
11 creatures vanquished.

Vanquished Creatures (others)
  A kobold (D:2)
  32 fungi
  7 plants
40 creatures vanquished.

Grand Total: 596 creatures vanquished

Notes
Turn   | Place    | Note
--------------------------------------------------------------
     0 | D:1      | Kloppie the Merfolk Berserker began the quest for the Orb.
     0 | D:1      | Reached XP level 1. HP: 18/18 MP: 1/1
   113 | D:1      | Reached XP level 2. HP: 24/24 MP: 2/2
   150 | D:1      | Reached skill level 5 in Polearms
   497 | D:1      | Reached XP level 3. HP: 29/29 MP: 3/3
   537 | D:1      | Reached ** piety under Trog
   575 | D:1      | Found a sparkling altar of Nemelex Xobeh.
   875 | D:2      | Found a sacrificial altar of Ru.
  1193 | D:2      | Found a deep blue altar of Sif Muna.
  1199 | D:2      | Found a blossoming altar of Fedhas.
  1360 | D:2      | Reached skill level 6 in Polearms
  1670 | D:2      | Found an oddly glowing altar of Pakellas.
  1695 | D:2      | Found a radiant altar of Vehumet.
  1702 | D:2      | Reached XP level 4. HP: 34/36 MP: 4/4
  2130 | D:3      | Noticed Sigmund
  2137 | D:3      | Reached XP level 5. HP: 34/42 MP: 5/5
  2138 | D:3      | Noticed Robin
  2174 | D:3      | Reached skill level 7 in Polearms
  2377 | D:3      | Reached *** piety under Trog
  2579 | D:3      | Killed Sigmund
  2579 | D:3      | Reached skill level 8 in Polearms
  2579 | D:3      | Reached XP level 6. HP: 49/49 MP: 6/6
  2713 | D:3      | Killed Robin
  3017 | D:4      | Found a basalt altar of Yredelemnul.
  3253 | D:4      | Reached skill level 5 in Dodging
  3350 | D:4      | Reached XP level 7. HP: 41/55 MP: 7/7
  3502 | D:4      | Found a white marble altar of Elyvilon.
  3652 | D:5      | Entered Level 5 of the Dungeon
  3652 | D:5      | Noticed Menkaure
  3854 | D:5      | Reached skill level 5 in Fighting
  3854 | D:5      | Reached skill level 9 in Polearms
  3860 | D:5      | Killed Menkaure
  3905 | D:5      | Noticed tscho's ghost (novice MfTm)
  4169 | D:5      | Killed tscho's ghost
  4169 | D:5      | Reached skill level 10 in Polearms
  4169 | D:5      | Reached XP level 8. HP: 55/64 MP: 8/8
  4336 | D:5      | Reached skill level 11 in Polearms
  4505 | D:5      | Reached **** piety under Trog
  4876 | D:6      | Found Maoh's Jewellery Emporium.
  4893 | D:6      | Bought a cursed ring of teleportation for 45 gold pieces
  4955 | D:6      | Found a bloodstained altar of Trog.
  5079 | D:6      | Found a glowing drain.
  5130 | Sewer    | Entered a sewer
  5275 | Sewer    | Reached XP level 9. HP: 53/71 MP: 9/9
  5331 | Sewer    | Reached skill level 12 in Polearms
  5422 | Sewer    | Reached ***** piety under Trog
  5880 | D:7      | Received a gift from Trog
  6104 | D:7      | Reached skill level 13 in Polearms
  6217 | D:7      | Found a staircase to the Ecumenical Temple.
  6248 | D:7      | Got a polished cloak
  6254 | D:7      | Identified the +0 cloak of Ladders and Snakes {rElec rN+} (You found it on level 7 of the Dungeon)
  6354 | D:7      | Noticed Joseph
  6373 | D:7      | Killed Joseph
  6373 | D:7      | Reached skill level 14 in Polearms
  6373 | D:7      | Reached XP level 10. HP: 58/80 MP: 10/10
  6661 | D:8      | Noticed Psyche
  6676 | D:8      | Killed Psyche
  6740 | D:8      | Found a glowing silver altar of Zin.
  6960 | D:8      | Found a shattered altar of Ashenzari.
  7369 | D:9      | Found a staircase to the Lair.
  7430 | D:9      | Got a faintly glowing leather armour
  7441 | D:9      | Identified the +1 leather armour of the Loofah {rElec rPois} (You found it on level 9 of the Dungeon)
  7553 | D:9      | Noticed tscho's ghost (journeyman MfTm)
  7584 | D:9      | Killed tscho's ghost
  7903 | D:9      | Reached skill level 15 in Polearms
  8029 | D:9      | Reached skill level 10 in Dodging
  8054 | D:9      | Found Quastro's General Store.
  8129 | D:9      | Noticed Prince Ribbit
  8188 | D:9      | Killed Prince Ribbit
  8322 | D:9      | Found a staircase to the Orcish Mines.
  8362 | D:9      | Found a stormy altar of Qazlal.
  8414 | Lair:1   | Entered Level 1 of the Lair of Beasts
  8491 | Lair:1   | Noticed a spiny frog
  8497 | Lair:1   | Killed a spiny frog
  8563 | Lair:1   | Reached skill level 16 in Polearms
  8572 | Lair:1   | Reached XP level 11. HP: 67/89 MP: 11/11
  9396 | Lair:2   | Reached skill level 17 in Polearms
  9408 | Lair:2   | Reached skill level 10 in Fighting
  9486 | Lair:2   | Noticed a five-headed hydra
  9497 | Lair:2   | Killed a six-headed hydra
 10429 | Lair:3   | Found a snail-covered altar of Cheibriados.
 10470 | Lair:3   | Reached skill level 18 in Polearms
 10693 | Lair:3   | Reached XP level 12. HP: 99/99 MP: 12/12
 10752 | Lair:3   | Found a staircase to the Snake Pit.
 10836 | Lair:3   | Found a frozen archway.
 10861 | IceCv    | Entered an ice cave
 11310 | IceCv    | Reached skill level 19 in Polearms
 11492 | IceCv    | Received a gift from Trog
 11495 | IceCv    | Noticed a frost giant
 11511 | IceCv    | Killed a frost giant
 12864 | Lair:4   | Received a gift from Trog
 12886 | Lair:4   | Reached skill level 20 in Polearms
 12898 | Lair:4   | Reached XP level 13. HP: 107/107 MP: 13/13
 13205 | Lair:4   | Found a staircase to the Shoals.
 13452 | Lair:4   | Found a radiant altar of Vehumet.
 14635 | Lair:5   | Reached skill level 21 in Polearms
 15017 | Lair:5   | Received a gift from Trog
 16261 | Lair:6   | Reached XP level 14. HP: 86/118 MP: 14/14
 16794 | Lair:7   | Found a staircase to the Slime Pits.
 16808 | Lair:7   | Received a gift from Trog
 16821 | Lair:7   | Got a jewelled glaive {god gift}
 16843 | Lair:7   | Found a labyrinth entrance.
 16877 | Lab      | Entered a labyrinth
 17253 | Lab      | Identified the +10 glaive "Kachuma" {chop, rElec rC+} (Trog gifted it to you on level 7 of the Lair of Beasts)
 17774 | Lab      | Reached skill level 22 in Polearms
 17774 | Lab      | Reached skill level 15 in Dodging
 17794 | Lab      | Identified a +2 rod of inaccuracy (9/9) (You found it on level 6 of the Dungeon)
 18194 | Lair:7   | HP: 4/177 [six-headed hydra (8)]
 18604 | Lair:7   | HP: 4/119 [elephant (6)]
 18604 | Lair:7   | Slain by a spiny frog

Skill      XL: |  1  2  3  4  5  6  7  8  9 10 11 12 13 14 |
---------------+-------------------------------------------+-----
Polearms       | 5 6 8 10 11 14 16 18 20 21 22 | 22.2
Dodging        | 3 4 5 6 7 9 10 12 13 14 15 | 15.5
Fighting       | 4 5 6 8 9 10 11 13 | 13.7
Armour         | |  1.3

Action                   |  1- 3 |  4- 6 |  7- 9 | 10-12 | 13-15 || total
-------------------------+-------+-------+-------+-------+-------++-------
Melee: Spear             |   161 |   188 |       |       |       ||   349
       Trident           |       |    24 |   396 |       |    40 ||   460
       Glaive            |       |       |    76 |   763 |   623 ||  1462
       Tailslap          |       |       |       |     3 |       ||     3
Invok: Berserk           |     3 |     2 |     2 |     4 |     4 ||    15
       Trog's Hand       |       |     2 |     1 |     7 |     6 ||    16
       Brothers in Arms  |       |       |       |     2 |     2 ||     4
  Use: Potion            |       |     1 |       |     1 |     2 ||     4
       Scroll            |       |    12 |     5 |     4 |     7 ||    28
 Stab: Sleeping          |       |       |       |     4 |       ||     4
       Distracted        |       |       |       |     2 |       ||     2
       Invisible         |       |       |       |       |     2 ||     2
  Eat: Chunk             |     6 |     7 |    12 |    25 |     5 ||    55
       Meat ration       |       |       |       |     1 |     3 ||     4
       Pizza             |       |       |       |       |     1 ||     1
Armor: Animal skin       |    11 |       |       |       |       ||    11
       Ring mail         |    12 |    52 |   117 |    29 |       ||   210
       Leather armour    |       |       |       |   109 |    93 ||   202
Dodge: Dodged            |    69 |   117 |   281 |   658 |   693 ||  1818
